Map: At Eternity's Edge LE

Players

Priv - Winner!

  • Race: Terran Terran

VOD

Have the link to the VOD?

Description

Time

  • Played on: Sept. 23, 2026, 11:20 a.m.
  • Length: 20:55
Show
View Real Time Build Order
Export as new Build Order

Priv Terran - Winner!

Build Orders:  

Get SALT Encoding   

  8  0:01  SCV  
  9  0:18  SCV  
  10  0:34  Supply Depot  
  10  0:43  SCV  
  11  1:00  SCV  
  12  1:14  Barracks  
  12  1:21  SCV  
  13  1:34  Refinery  
  13  1:40  SCV  
  14  1:57  Supply Depot  
  14  2:00  SCV  
  15  2:17  SCV  
  15  2:19  Marine  
  17  2:34  SCV  
  18  2:46  Barracks Tech Lab  
  18  2:51  SCV  
  19  3:14  Factory  
  19  3:15  Marine  
  19  3:18  SCV  
  21  3:34  Refinery, SCV  
  22  3:40  Marine  
  22  3:42  Concussive Shells  
  23  3:51  SCV  
  24  4:05  Marine  
  24  4:08  SCV  
  26  4:12  Stimpack  
  26  4:15  Factory Tech Lab  
  26  4:25  Refinery  
  26  4:33  Command Center  
  26  5:04  Orbital Command  
  26  5:15  Siege Tank  
  29  5:30  Supply Depot  
  29  5:47  Engineering Bay  
  29  6:00  Marine  
  29  6:03  Siege Tank  
  33  6:14  SCV  
  34  6:25  Marauder  
  36  6:31  SCV  
  37  6:40  Starport  
  37  6:45  SCV  
  37  6:48  SCV  
  39  7:07  Factory  
  39  7:15  Marine  
  39  7:17  Unknown  
  40  7:21  SCV  
  40  7:25  SCV  
  42  7:37  Refinery  
  42  7:40  Marauder  
  42  7:42  SCV  
  45  8:04  SCV  
  45  8:06  Siege Tank  
  49  8:13  SCV  
  49  8:15  Starport Reactor  
  49  8:17  Factory Tech Lab  
  50  8:26  Supply Depot  
  50  8:45  Supply Depot  
  50  8:56  SCV, Marine, Siege Tank  
  51  9:21  Marauder  
  53  9:32  Medivac x2  
  57  9:50  Siege Tank  
  57  9:51  Marine  
  57  9:53  SCV  
  62  10:05  Command Center  
  62  10:14  Medivac  
  62  10:16  Marauder  
  66  10:31  Barracks, Terran Infantry Weapons Level 1  
  66  10:39  Armory  
  66  10:46  Marine  
  67  10:51  Fusion Core  
  67  10:59  Supply Depot x2  
  67  11:00  SCV  
  68  11:11  Marauder  
  68  11:17  SCV  
  71  11:20  SCV  
  72  11:30  Supply Depot  
  72  11:40  Missile Turret  
  72  11:41  Marine  
  72  11:47  Supply Depot  
  73  11:51  Siege Tank  
  73  11:56  Unknown  
  73  11:58  Barracks Reactor  
  76  12:01  Viking  
  76  12:05  Marauder  
  76  12:08  SCV  
  81  12:15  Orbital Command  
  81  12:23  Viking  
  83  12:32  Terran Vehicle Weapons Level 1  
  83  12:42  Marauder  
  83  12:46  Medivac  
  87  13:05  Medivac  
  87  13:08  Marine x2  
  91  13:11  Terran Infantry Armor Level 1  
  91  13:13  Marauder  
  91  13:15  Siege Tank  
  91  13:19  Unknown  
  96  13:27  Supply Depot  
  86  14:22  Marine  
  86  14:23  Siege Tank  
  86  14:24  Siege Tank  
  93  14:47  Marauder  
  91  15:08  Siege Tank x2  
  97  15:12  Terran Vehicle And Ship Armor Level 1  
  97  15:17  Marine  
  98  15:25  Marine x2  
  98  15:26  Medivac x2  
  104  15:36  Refinery, SCV  
  104  15:38  Refinery  
  105  15:42  Marauder  
  107  15:50  Marine x2  
  107  15:53  SCV, Siege Tank, Missile Turret  
  107  15:54  Missile Turret  
  107  15:59  Siege Tank  
  113  16:02  Supply Depot  
  113  16:08  Medivac x2  
  117  16:12  Marine  
  117  16:15  Marine  
  119  16:29  Siege Tank x3, Marine  
  120  16:37  Marine  
  121  16:40  Marine  
  122  16:50  Medivac  
  122  16:54  Marine  
  126  17:01  Marauder  
  128  17:14  Unknown  
  128  17:28  Marine x2  
  130  17:31  Marauder  
  130  17:37  Unknown  
  135  17:50  Unknown  
  135  17:57  Supply Depot  
  135  18:02  Marine x2, Marauder  
  139  18:15  Siege Tank, Supply Depot  
  142  18:27  Marine x2  
  142  18:28  Siege Tank  
  146  18:32  Marauder, Unknown  
  148  18:48  Siege Tank x2  
  148  18:52  Marine x2  
  147  19:00  Siege Tank  
  147  19:02  Marauder  
  152  19:13  Siege Tank  
  152  19:17  Marine x2  
  152  19:32  Marauder, Unknown  
  152  19:38  Unknown  
  154  19:41  Marine x2  
  154  19:45  Siege Tank  
  159  19:53  Unknown  
  159  19:58  Siege Tank  
  156  20:01  Marauder  
  156  20:05  Unknown  
  156  20:06  Marine  
  159  20:14  Supply Depot x2  
  159  20:20  Supply Depot  
  159  20:27  Supply Depot  
  159  20:32  Unknown  
  159  20:48  Supply Depot  
  168  20:51  Supply Depot  
Tags
 
Add a new tag
Caveats
  • Supply blocks, unpowered buildings, or Contaminate may cause inaccurate times.
  • Supply counts are checked every 10 seconds.